 Dungeon Crawl Stone Soup version 0.20-a0-1089-g3fde505 (webtiles) character file.

4045 Monsterracer the Cleaver (level 10, -2/94 HPs)
             Began as a Hill Orc Fighter on May 2, 2017.
             Was a Believer of Uskayaw.
             Slain by an ice beast (10 damage)
             ... on level 8 of the Dungeon on May 3, 2017.
             The game lasted 00:22:54 (7542 turns).

Monsterracer the Cleaver (Hill Orc Fighter)         Turns: 7542, Time: 00:22:55

Health: -2/94      AC: 17    Str: 20    XL:     10   Next: 24%
Magic:  14/14      EV: 12    Int:  8    God:    Uskayaw [**....]
Gold:   341        SH: 10    Dex: 13    Spells: 9/9 levels left

rFire    . . .     SeeInvis .   a - +1 war axe
rCold    . . .     Gourm    .   c - +0 shield
rNeg     . . .     Faith    .   C - +2 chain mail {rPois}
rPois    +         Spirit   .   p - +1 helmet
rElec    .         Reflect  .   t - +0 cloak
rCorr    .         Harm     .   u - +0 pair of gloves
MR       .....                  (no boots)
Stlth    ..........             r - amulet of rage
Regen    0.3/turn               z - ring of poison resistance
MPRegen  0.2/turn               w - +5 ring of evasion

@: slowed, very slow
A: robust 1
a: Stomp, Line Pass, Renounce Religion, Evoke Berserk Rage


You were on level 8 of the Dungeon.
You worshipped Uskayaw.
Uskayaw was noncommittal.
You were very hungry.

You visited 2 branches of the dungeon, and saw 9 of its levels.

You collected 368 gold pieces.
You spent 27 gold pieces at shops.

Inventory:

Hand Weapons
 a - a +1 war axe (weapon)
Armour
 c - a +0 shield (worn)
 p - a +1 helmet (worn)
 t - a +0 cloak (worn)
 u - a +0 pair of gloves (worn)
 B - a +1 large shield of cold resistance
 C - a +2 chain mail of poison resistance (worn)
Jewellery
 h - an uncursed amulet of guardian spirit
 q - a +3 ring of intelligence
 r - an amulet of rage (around neck)
 w - a +5 ring of evasion (right hand)
 z - a ring of poison resistance (left hand)
Wands
 x - a wand of flame (48/48)
 y - a wand of iceblast (7/15)
 A - a wand of disintegration (7/24)
Scrolls
 b - a scroll of enchant weapon
 d - 2 scrolls of teleportation
 e - 4 scrolls of enchant armour
 l - a scroll of remove curse
 m - 2 scrolls of magic mapping
 o - 4 scrolls of identify
 v - a scroll of blinking
Potions
 g - 2 potions of mutation
 i - a potion of berserk rage
 k - a potion of heal wounds
 s - a potion of haste
Comestibles
 f - 4 bread rations
 j - a meat ration
 n - a royal jelly
 D - 6 chunks of flesh


   Skills:
 + Level 7.0 Fighting
 * Level 12.0 Axes
 + Level 6.4 Armour
 - Level 3.0 Dodging
 + Level 4.8 Shields
 + Level 6.1 Invocations
 + Level 4.7 Evocations


You had 9 spell levels left.
You didn't know any spells.

Dungeon Overview and Level Annotations

Branches:
Dungeon (8/15)             Temple (1/1) D:5
   Lair: D:8-11

Altars:
Ashenzari
Cheibriados
Dithmenos
Elyvilon
Fedhas
Gozag
Hepliaklqana
Kikubaaqudgha
Makhleb
Nemelex Xobeh
Okawaru
Qazlal
Ru
Sif Muna
Trog
Uskayaw
Vehumet
Wu Jian
Xom
Yredelemnul
Zin
The Shining One
Lugonu

Shops:
D:6 *


Innate Abilities, Weirdness & Mutations

You are robust. (+10% HP)


Message History

The ice beast barely misses you. The ice beast closely misses you.
The orc misses you.
You see here an orc corpse.
You slash the ice beast!
The ice beast is heavily wounded.
The ice beast closely misses you. You block the ice beast's attack.
You can now pass through a line of other dancers.
Your shield and chain mail prevent you from hitting the ice beast.
The ice beast is heavily wounded.
The ice beast hits you but does no damage.
Your chain mail prevents you from hitting the ice beast.
The ice beast is heavily wounded.
The ice beast hits you.
* * * LOW HITPOINT WARNING * * *
The ice beast freezes you!
* * * LOW HITPOINT WARNING * * *
The ice beast hits you.
* * * LOW HITPOINT WARNING * * *
The ice beast freezes you!
You die...

# #......≈.;.;≈≈..#
#.#....(..........#
#........h=.......#. ##
####..............oo #.
#.......)...<..# ####.####
#.###....$.....# #........##
#))........# .#..........
#####h[........#
.#........####..@Yo.........#
.#.............###..........#
..........###### ############
...<......########
..................
.†..).....########
.†..)<)...#####
.#####........# ########.#


You could see an ice beast, a hound and an orc.

Vanquished Creatures
  The ghost of Fingolfin the Grappler, a novice TrBe of Trog (D:7)
  A troll (D:8)
  Sigmund (D:4)
  A wyvern (D:7)
  Eustachio (D:4)
  A hungry ghost (D:7)
  A water moccasin (D:7)
  Duvessa (D:7)
  A black bear (D:6)
  An ice beast (D:6)
  An orc warrior (D:8)
  2 phantoms
  A sky beast (D:5)
  A wolf (D:7)
  2 centaurs
  3 ogres
  2 bullfrogs
  A scorpion (D:5)
  Dowan (D:7)
  A jelly (D:6)
  A howler monkey (D:7)
  A quasit (D:6)
  4 orc priests (D:4)
  6 hounds
  9 orc wizards
  A gnoll shaman (D:5)
  2 centaur skeletons (D:4)
  An iguana (D:7)
  5 worker ants
  A hound zombie (D:8)
  A howler monkey zombie (D:7)
  A hound skeleton (D:5)
  Robin (D:2)
  5 gnolls (D:5)
  A howler monkey skeleton (D:4)
  2 adders
  2 shadow imps
  A worm (D:2)
  7 dart slugs
  9 leopard geckos
  33 orcs
  3 ball pythons (D:2)
  A giant cockroach (D:1)
  13 goblins
  12 hobgoblins
  12 jackals
  A quokka (D:4)
  3 bats
  6 frilled lizards
  7 kobolds
  A leopard gecko zombie (D:7)
  14 rats
192 creatures vanquished.

Vanquished Creatures (others)
  An orc (D:8)
1 creature vanquished.

Grand Total: 193 creatures vanquished

Notes
Turn   | Place    | Note
-------+----------+-------------------------------------------
     0 | D:1      | Monsterracer the Hill Orc Fighter began the quest for the Orb.
     0 | D:1      | Reached XP level 1. HP: 19/19 MP: 1/1
     7 | D:1      | Reached skill level 3 in Axes
    36 | D:1      | Reached XP level 2. HP: 15/26 MP: 2/2
   304 | D:1      | Reached skill level 4 in Axes
   800 | D:1      | Reached XP level 3. HP: 31/31 MP: 3/3
  1039 | D:2      | Found a shattered altar of Ashenzari.
  1043 | D:2      | Reached skill level 5 in Axes
  1133 | D:2      | Found a sparkling altar of Nemelex Xobeh.
  1247 | D:2      | Found a burning altar of Makhleb.
  1288 | D:2      | Noticed Robin
  1304 | D:2      | Reached XP level 4. HP: 37/39 MP: 4/4
  1325 | D:2      | Killed Robin
  1555 | D:2      | Reached skill level 6 in Axes
  1708 | D:2      | Found a glowing silver altar of Zin.
  1711 | D:2      | Noticed an angel
  1712 | D:2      | Noticed a green death
  1867 | D:3      | Found a shadowy altar of Dithmenos.
  1868 | D:3      | Found a sacrificial altar of Ru.
  2391 | D:4      | Reached XP level 5. HP: 34/45 MP: 0/5
  2456 | D:4      | Found an ancient bone altar of Kikubaaqudgha.
  2496 | D:4      | Reached skill level 7 in Axes
  2558 | D:5      | Entered Level 5 of the Dungeon
  2613 | D:5      | Found a shimmering altar of Xom.
  2625 | D:5      | Noticed a sky beast
  2639 | D:5      | Killed a sky beast
  2639 | D:5      | Reached skill level 8 in Axes
  2639 | D:5      | Reached XP level 6. HP: 34/52 MP: 6/6
  2809 | D:5      | Reached skill level 1 in Evocations
  3006 | D:5      | Found a staircase to the Ecumenical Temple.
  3053 | Temple   | Entered the Ecumenical Temple
  3078 | Temple   | Became a worshipper of Uskayaw the Reveler
  3134 | D:5      | Reached * piety under Uskayaw
  3152 | D:5      | Reached skill level 1 in Dodging
  3152 | D:5      | Reached ** piety under Uskayaw
  3251 | D:4      | Noticed Eustachio
  3318 | D:4      | Killed Eustachio
  3318 | D:4      | Reached skill level 1 in Invocations
  3318 | D:4      | Reached XP level 7. HP: 21/60 MP: 6/8
  3381 | D:4      | Reached *** piety under Uskayaw
  3382 | D:4      | Reached **** piety under Uskayaw
  3383 | D:4      | Reached skill level 9 in Axes
  3729 | D:4      | Found an ornate altar of the Wu Jian Council.
  3786 | D:4      | Noticed Sigmund
  3819 | D:4      | Killed Sigmund
  3819 | D:4      | Reached XP level 8. HP: 50/67 MP: 7/10
  3947 | D:4      | Reached skill level 5 in Fighting
  4557 | D:5      | Reached skill level 10 in Axes
  4557 | D:5      | Reached skill level 5 in Armour
  4879 | D:5      | Found a bloodstained altar of Trog.
  4948 | D:5      | Found an opulent altar of Gozag.
  5366 | D:6      | Found a sacrificial altar of Ru.
  5398 | D:6      | Found a blossoming altar of Fedhas.
  5499 | D:6      | Reached XP level 9. HP: 75/75 MP: 12/12
  5521 | D:6      | Found Jyckoy's Assorted Antiques.
  5577 | D:6      | Bought a glowing puce potion for 27 gold pieces
  5577 | D:6      | Gained mutation: Your muscles are strong. (Str +2) [potion of mutation]
  5577 | D:6      | Lost mutation: Your muscles are strong. (Str +2) [potion of mutation]
  5577 | D:6      | Gained mutation: You are robust. (+10% HP) [potion of mutation]
  5669 | D:6      | Found a basalt altar of Yredelemnul.
  5858 | D:6      | Found a snail-covered altar of Cheibriados.
  5976 | D:6      | Found a stormy altar of Qazlal.
  6337 | D:7      | Noticed Dowan
  6340 | D:7      | Noticed Duvessa
  6361 | D:7      | Killed Dowan
  6413 | D:7      | Killed Duvessa
  6413 | D:7      | Reached skill level 11 in Axes
  6413 | D:7      | Reached skill level 5 in Invocations
  6582 | D:7      | Noticed Fingolfin's ghost (novice TrBe)
  6593 | D:7      | Killed Fingolfin's ghost
  6882 | D:7      | Reached XP level 10. HP: 88/92 MP: 14/14
  7525 | D:8      | Reached skill level 12 in Axes
  7542 | D:8      | Slain by an ice beast

Vault maps used:
D:1:      dpeg_arrival_refuge
D:2:      grunt_temple_overflow_order_and_chaos_2,
          lemuel_coloured_pillars_altar, ashenzari_conservatory_becter,
          uniq_robin
D:3:      grunt_temple_overflow_open
D:4:      kiku_gazebo_pond_becter, nicolae_overflow_hidden_temple, serial_glass,
          glass_columns_a, glass_columns_a, first_bread, uniq_sigmund,
          uniq_eustachio
D:5:      lemuel_round_altar, grunt_gozag_breadcrumbs, lightli_temple_of_fire,
          temple_fountains
D:6:      nicolae_overflow_crystal_walls, fedhas_bush_and_centaur_altar,
          kennysheep_mini, cheibriados_altar_1, basic_altar, serial_shops,
          nicolae_shop_statue_plus
D:7:      uniq_duvessa
D:8:      erik_lair_island, special_room, uniq_maurice
Temple:   corrupted_temple

Skill      XL: |  1  2  3  4  5  6  7  8  9 10 |
---------------+-------------------------------+-----
Axes           | 3 4 5 6 8 9 10 11 12 | 12.0
Fighting       | 4 5 6 7 |  7.0
Evocations     | 1 2 3 4 |  4.7
Dodging        | 1 2 3 |  3.0
Invocations    | 1 2 4 5 6 |  6.1
Armour         | 4 5 6 |  6.4
Shields        | 4 |  4.8

Action                   |  1- 3 |  4- 6 |  7- 9 | 10-12 || total
-------------------------+-------+-------+-------+-------++-------
Melee: War axe           |   137 |   217 |   359 |    70 ||   783
Invok: Stomp             |       |       |     4 |       ||     4
       Line Pass         |       |       |       |     1 ||     1
 Abil: Evoke Berserk Rag |       |       |     5 |     1 ||     6
  Use: Potion            |     2 |     4 |     3 |       ||     9
       Scroll            |       |     9 |     4 |       ||    13
 Stab: Paralysed         |       |       |     9 |     5 ||    14
       Confused          |       |       |       |     1 ||     1
  Eat: Chunk             |     1 |     7 |    17 |     3 ||    28
Armor: Scale mail        |    44 |   121 |    15 |       ||   180
       Chain mail        |       |       |    97 |    28 ||   125
Dodge: Dodged            |    40 |    55 |    93 |    48 ||   236
Block: Shield            |    71 |   101 |   129 |    46 ||   347
